Flyers vs Blackhawks
Created - May 5, 2020 at 19:15
Goals
|
Flyers |
1 |
0 |
1 |
2 |
Blackhawks |
3 |
1 |
0 |
4 |
|
Shots
|
Flyers |
12 |
7 |
10 |
29 |
Blackhawks |
11 |
9 |
7 |
27 |
|
1st period
1. Flyers , Tomas Kubalik 8 (Jeff Woywitka 24, Matthew Lombardi 17) at 11:21
2. Blackhawks , Mike Green 9 (Chris Kreider 42, Derick Brassard 82) at 14:32 (PP)
3. Blackhawks , Cody Hodgson 25 (Antoine Roussel 38) at 14:48
4. Blackhawks , Rick Nash 27 (Derick Brassard 83, Chris Kreider 43) at 15:23
Penalties :
Matt Smaby (Phi) for Hooking (Minor) at 3:03, Chris Kreider (Chi) for Holding (Minor) at 3:41, Ryan Callahan (Phi) for Tripping (Minor) at 14:25
2nd period
5. Blackhawks , Derick Brassard 42 (Chris Kreider 44, Eric Brewer 7) at 1:36
Penalties :
J.T. Miller (Phi) for Delaying the game (Minor) at 2:59, Rick Nash (Chi) for Interference (Minor) at 7:32, Ryan Callahan (Phi) for Hooking (Minor) at 16:29
3rd period
6. Flyers , J.T. Miller 23 (Matt Smaby 27, Jordan Nolan 31) at 15:17
Penalties :
Brian Lashoff (Phi) for Slashing (Minor) at 7:17, Jeff Carter (Phi) for Cross-checking (Minor) at 10:44
Goalie Stats
Cam Ward (Phi), 14 saves from 14 shots - (1.000), 38:24 minutes
Steve Mason (Phi), 9 saves from 13 shots - (0.692), L, 35-23-7, 21:36 minutes
Ray Emery (Chi), 27 saves from 29 shots - (0.931), W, 5-3-1, 60:00 minutes
Players Stats for Flyers
Player Name G A P +/- PIM S H SB GA TA FO MP PP MP PK MP
------------------------------------------------------------------------------------
Brian Lashoff 0 0 0 0 2 0 2 0 0 0 0/0 12:33 0:36 0:00
Brock Nelson 0 0 0 1 0 1 1 0 0 0 0/0 6:44 0:00 0:00
Chris Mcallister 0 0 0 -1 0 0 0 0 0 0 0/0 12:31 0:11 0:21
Drew Miller 0 0 0 -1 0 0 2 0 1 0 1/1 19:49 1:30 2:02
J.T. Miller 1 0 1 0 2 6 0 0 0 0 1/1 15:37 1:07 1:17
Jakub Voracek 0 0 0 -1 0 1 0 0 0 1 2/4 20:08 1:30 2:02
Jeff Carter 0 0 0 -1 2 1 2 1 1 1 18/40 21:46 0:58 3:54
Jeff Woywitka 0 1 1 1 0 0 1 1 0 0 0/0 18:52 1:15 3:16
Jonathan Ericsson 0 0 0 1 0 0 2 1 0 2 0/0 18:52 1:15 3:16
Jordan Nolan 0 1 1 0 0 8 1 0 2 1 2/7 19:54 1:07 4:55
Marcus Kruger 0 0 0 -1 0 1 1 0 1 0 4/8 12:42 0:00 0:51
Mats Zuccarello 0 0 0 -1 0 1 2 0 1 1 0/0 11:24 0:00 0:00
Matt Smaby 0 1 1 -2 2 2 3 2 2 1 0/0 27:22 0:38 4:53
Matthew Lombardi 0 1 1 1 0 0 0 0 0 0 1/4 9:03 0:00 2:00
Nathan Beaulieu 0 0 0 0 0 1 1 1 0 0 0/0 12:57 1:05 0:32
Oliver Ekman-Larsson 0 0 0 -2 0 2 2 4 0 3 0/0 29:01 0:46 5:25
Ryan Callahan 0 0 0 0 4 3 2 0 0 0 1/1 13:53 1:07 0:00
Tomas Kubalik 1 0 1 1 0 2 1 0 1 0 0/0 6:44 0:00 0:00
Players Stats for Blackhawks
Player Name G A P +/- PIM S H SB GA TA FO MP PP MP PK MP
------------------------------------------------------------------------------------
Antoine Roussel 0 1 1 1 0 1 2 0 0 0 0/1 16:54 3:32 0:06
Brandon Yip 0 0 0 0 0 0 2 0 0 0 1/1 10:21 0:05 0:00
Chris Kreider 0 3 3 0 2 3 2 1 2 0 0/0 20:59 5:03 1:04
Cody Hodgson 1 0 1 1 0 1 0 0 2 1 8/13 16:23 3:32 0:00
David Jones 0 0 0 0 0 0 1 1 0 0 0/0 9:10 0:00 0:00
Derick Brassard 1 2 3 0 0 3 0 0 0 0 19/34 22:35 5:09 1:25
Eric Brewer 0 1 1 1 0 3 0 0 1 0 0/0 21:24 3:17 1:21
Erik Christensen 0 0 0 0 0 1 2 0 1 1 5/8 14:53 3:32 0:46
Gabriel Bourque 0 0 0 0 0 1 0 1 0 0 0/0 9:56 0:00 0:36
John Carlson 0 0 0 -2 0 4 0 2 0 0 0/0 27:13 5:24 1:16
Kevin Marshall 0 0 0 2 0 1 1 1 0 1 0/0 11:23 0:00 0:00
Matthew Spiller 0 0 0 1 0 0 0 3 1 2 0/0 21:24 3:17 1:21
Mike Green 1 0 1 -2 0 5 1 1 3 1 0/0 27:13 5:24 1:16
Nathan Horton 0 0 0 1 0 0 1 0 0 1 0/2 12:31 0:00 0:00
Rick Nash 1 0 1 0 2 1 3 0 0 1 0/0 20:21 5:04 0:00
Scott Gomez 0 0 0 0 0 1 0 0 0 0 2/5 10:55 0:00 1:11
Seth Jones 0 0 0 2 0 1 1 0 0 0 0/0 11:23 0:00 0:00
Tomas Fleischmann 0 0 0 0 0 1 1 0 0 1 1/2 11:02 0:05 0:06
3 Stars
1 - Derick Brassard (Chi)
2 - Chris Kreider (Chi)
3 - Cody Hodgson (Chi)
Power Play
Flyers - 0 on 2 Attempt(s) - 0.00%
Blackhawks - 1 on 6 Attempt(s) - 16.67%
Penalty Kill
Flyers - 5 on 6 Attempt(s) - 83.33%
- Score 0 goal in Penalty Kill
Blackhawks - 2 on 2 Attempt(s) - 100.00%
- Score 0 goal in Penalty Kill
Team Stat
Flyers - Hits : 23 - Faceoff Wins : 30 - Blocked Shots : 10 - Penalty Minutes : 12
Blackhawks - Hits : 17 - Faceoff Wins : 36 - Blocked Shots : 10 - Penalty Minutes : 4
Official
Referees : Unknown
Linesman : Unknown
Game Notes
10:12 of 1st period - Flyers goal is going for a video replay. After video review, No Goal. The net was displaced accidentally.
Cam Ward enters game at 1:36 of 2nd period
Finance
Level 1 -- Attendance: 5626 (93.77%) -- Ticket Income $545,722
Level 2 -- Attendance: 4761 (95.22%) -- Ticket Income $309,465
Level 3 -- Attendance: 1879 (93.95%) -- Ticket Income $75,160
Level 4 -- Attendance: 4000 (100.00%) -- Ticket Income $100,000
Luxury Box -- Attendance: 995 (99.50%) -- Ticket Income $179,100
Game was played at the Rexall Place.
Total Attendance: 17261 (95.89%)
Total Ticket Income: $1,209,447
Other Income: $181,417
Total Income: $1,390,864
Flyers
5 vs 5 Forward
Center Left Wing Right Wing Time % Phy DF OF
1 Jeff Carter Drew Miller Jakub Voracek 40 1 2 2
2 Jordan Nolan J.T. Miller Ryan Callahan 30 1 2 2
3 Marcus Kruger Chris Mcallister Mats Zuccarello 20 1 2 2
4 Matthew Lombardi Brock Nelson Tomas Kubalik 10 1 2 2
5 vs 5 Defense
Defense Defense Time % Phy DF OF
1 Oliver Ekman-Larsson Matt Smaby 40 1 2 2
2 Jonathan Ericsson Jeff Woywitka 30 1 2 2
3 Brian Lashoff Nathan Beaulieu 20 1 2 2
4 Oliver Ekman-Larsson Matt Smaby 10 1 2 2
PowerPlay Forward
Center Left Wing Right Wing Time % Phy DF OF
1 Jeff Carter Drew Miller Jakub Voracek 60 1 2 2
2 Jordan Nolan J.T. Miller Ryan Callahan 40 1 2 2
PowerPlay Defense
Defense Defense Time % Phy DF OF
1 Oliver Ekman-Larsson Matt Smaby 60 1 2 2
2 Jonathan Ericsson Jeff Woywitka 40 1 2 2
Penalty Kill 4 Players Forward
Center Wing Time % Phy DF OF
1 Jeff Carter Jordan Nolan 60 1 2 2
2 Jakub Voracek Drew Miller 40 1 2 2
Penalty Kill 4 Players Defense
Defense Defense Time % Phy DF OF
1 Oliver Ekman-Larsson Matt Smaby 60 1 2 2
2 Jonathan Ericsson Jeff Woywitka 40 1 2 2
Penalty Kill - 3 Players Forward
Forward Time % Phy DF OF
1 Jeff Carter 60 1 2 2
2 Jordan Nolan 40 1 2 2
Penalty Kill - 3 Players Defense
Defense Defense Time % Phy DF OF
1 Oliver Ekman-Larsson Matt Smaby 60 1 2 2
2 Jonathan Ericsson Jeff Woywitka 40 1 2 2
4 vs 4 Forward
Center Wing Time % Phy DF OF
1 Jeff Carter Jordan Nolan 60 1 2 2
2 Jakub Voracek Drew Miller 40 1 2 2
4 vs 4 Defense
Defense Defense Time % Phy DF OF
1 Oliver Ekman-Larsson Matt Smaby 60 1 2 2
2 Jonathan Ericsson Jeff Woywitka 40 1 2 2
Last Minutes Offensive
Center Left Wing Right Wing Defense Defense
Jeff Carter Drew Miller Jakub Voracek Oliver Ekman-Larsson Matt Smaby
Last Minutes Defensive
Center Left Wing Right Wing Defense Defense
Jeff Carter Drew Miller Jakub Voracek Oliver Ekman-Larsson Matt Smaby
Goaltenders
Starting : Steve Mason
Backup : Cam Ward
Extra Forwards
Normal : Chris Mcallister, Marcus Kruger, Matthew Lombardi - PP : Chris Mcallister, Marcus Kruger - PK : Matthew Lombardi
Extra Defensemen
Normal : Brian Lashoff, Nathan Beaulieu, Jonathan Ericsson - PP : Brian Lashoff - PK : Nathan Beaulieu, Jonathan Ericsson
Penalty Shots
Jeff Carter, Jordan Nolan, Jakub Voracek, Drew Miller, J.T. Miller
Scratches
None
Blackhawks
5 vs 5 Forward
Center Left Wing Right Wing Time % Phy DF OF
1 Derick Brassard Chris Kreider Rick Nash 40 1 2 2
2 Cody Hodgson Antoine Roussel Nathan Horton 30 1 2 2
3 Erik Christensen Tomas Fleischmann Brandon Yip 20 1 2 2
4 Scott Gomez Gabriel Bourque David Jones 10 1 2 2
5 vs 5 Defense
Defense Defense Time % Phy DF OF
1 Mike Green John Carlson 40 1 2 2
2 Matthew Spiller Eric Brewer 30 1 2 2
3 Kevin Marshall Seth Jones 20 1 2 2
4 Mike Green John Carlson 10 1 2 2
PowerPlay Forward
Center Left Wing Right Wing Time % Phy DF OF
1 Derick Brassard Chris Kreider Rick Nash 60 1 2 2
2 Erik Christensen Antoine Roussel Cody Hodgson 40 1 2 2
PowerPlay Defense
Defense Defense Time % Phy DF OF
1 Mike Green John Carlson 60 1 2 2
2 Matthew Spiller Eric Brewer 40 1 2 2
Penalty Kill 4 Players Forward
Center Wing Time % Phy DF OF
1 Derick Brassard Chris Kreider 60 1 2 2
2 Erik Christensen Rick Nash 40 1 2 2
Penalty Kill 4 Players Defense
Defense Defense Time % Phy DF OF
1 Mike Green John Carlson 60 1 2 2
2 Matthew Spiller Eric Brewer 40 1 2 2
Penalty Kill - 3 Players Forward
Forward Time % Phy DF OF
1 Erik Christensen 60 1 2 2
2 Derick Brassard 40 1 2 2
Penalty Kill - 3 Players Defense
Defense Defense Time % Phy DF OF
1 Mike Green John Carlson 60 1 2 2
2 Matthew Spiller Eric Brewer 40 1 2 2
4 vs 4 Forward
Center Wing Time % Phy DF OF
1 Derick Brassard Rick Nash 60 1 2 2
2 Antoine Roussel Chris Kreider 40 1 2 2
4 vs 4 Defense
Defense Defense Time % Phy DF OF
1 Mike Green John Carlson 60 1 2 2
2 Matthew Spiller Eric Brewer 40 1 2 2
Last Minutes Offensive
Center Left Wing Right Wing Defense Defense
Derick Brassard Chris Kreider Rick Nash Mike Green John Carlson
Last Minutes Defensive
Center Left Wing Right Wing Defense Defense
Derick Brassard Chris Kreider Rick Nash Mike Green John Carlson
Goaltenders
Starting : Ray Emery
Backup : Jimmy Howard
Extra Forwards
Normal : Tomas Fleischmann, Erik Christensen, Gabriel Bourque - PP : Tomas Fleischmann, Erik Christensen - PK : Scott Gomez
Extra Defensemen
Normal : Kevin Marshall, Seth Jones, Matthew Spiller - PP : Kevin Marshall - PK : Seth Jones, Matthew Spiller
Penalty Shots
Chris Kreider, Derick Brassard, Antoine Roussel, Rick Nash, Cody Hodgson
Scratches
None
% Time on Ice - Flyers
Lines # - Real PCT - Wanted PCT - Time Play
Normal Forward
1 - 34% - 40% - 16:13
2 - 27% - 30% - 13:00
3 - 24% - 20% - 11:24
4 - 14% - 10% - 6:44
Normal Defense
1 - 42% - 40% - 19:54
2 - 29% - 30% - 13:58
3 - 24% - 20% - 11:10
4 - 5% - 10% - 2:19
PP Forward
1 - 44% - 60% - 1:09
2 - 56% - 40% - 1:28
PP Defense
1 - 52% - 60% - 1:22
2 - 48% - 40% - 1:15
PK Forward
1 - 77% - 60% - 6:39
2 - 23% - 40% - 2:02
PK Defense
1 - 62% - 60% - 5:25
2 - 38% - 40% - 3:16
PK3 Forward
1 - 0% - 60%
2 - 0% - 40%
PK3 Defense
1 - 0% - 60%
2 - 0% - 40%
44 Forward
1 - 72% - 60% - 0:58
2 - 28% - 40% - 0:23
44 Defense
1 - 72% - 60% - 0:58
2 - 28% - 40% - 0:23
Last Minute Offensive - 0:00
Last Minute Defensive - 0:00
Total
Forward - 60:00
Defense - 60:00
|
% Time on Ice - Blackhawks
Lines # - Real PCT - Wanted PCT - Time Play
Normal Forward
1 - 31% - 40% - 14:54
2 - 28% - 30% - 13:03
3 - 22% - 20% - 10:14
4 - 19% - 10% - 9:10
Normal Defense
1 - 39% - 40% - 18:22
2 - 35% - 30% - 16:25
3 - 24% - 20% - 11:23
4 - 2% - 10% - 1:11
PP Forward
1 - 59% - 60% - 5:09
2 - 41% - 40% - 3:32
PP Defense
1 - 62% - 60% - 5:24
2 - 38% - 40% - 3:17
PK Forward
1 - 69% - 60% - 1:48
2 - 31% - 40% - 0:49
PK Defense
1 - 48% - 60% - 1:16
2 - 52% - 40% - 1:21
PK3 Forward
1 - 0% - 60%
2 - 0% - 40%
PK3 Defense
1 - 0% - 60%
2 - 0% - 40%
44 Forward
1 - 69% - 60% - 0:56
2 - 31% - 40% - 0:25
44 Defense
1 - 74% - 60% - 1:00
2 - 26% - 40% - 0:21
Last Minute Offensive - 0:00
Last Minute Defensive - 0:00
Total
Forward - 60:00
Defense - 60:00
|
Play-by-Play
1st period
0:01 of 1st period - Derick Brassard wins face-off versus Jeff Carter in neutral zone.
0:46 of 1st period - Icing by John Carlson.
0:47 of 1st period - Jordan Nolan wins face-off versus Derick Brassard in Blackhawks zone.
1:02 of 1st period - Slapshot by Mike Green.
1:02 of 1st period - Stopped by Steve Mason with a rebound.
1:26 of 1st period - Snap shot by Cody Hodgson.
1:26 of 1st period - Shot Misses the Net.
1:28 of 1st period - Snap shot by John Carlson.
1:28 of 1st period - Shot Misses the Net.
3:01 of 1st period - Wrist shot by Brandon Yip.
3:01 of 1st period - Shot Blocked by Oliver Ekman-Larsson.
3:03 of 1st period - Minor Penalty to Matt Smaby for Hooking.
3:04 of 1st period - Derick Brassard wins face-off versus Jeff Carter in Flyers zone.
3:35 of 1st period - Wrist shot by Antoine Roussel.
3:35 of 1st period - Deflect By Erik Christensen.
3:35 of 1st period - Stopped by Steve Mason without a rebound.
3:36 of 1st period - Jakub Voracek wins face-off versus Derick Brassard in Flyers zone.
3:41 of 1st period - Minor Penalty to Chris Kreider for Holding.
3:42 of 1st period - Jeff Carter wins face-off versus Derick Brassard in Blackhawks zone.
4:04 of 1st period - Brian Lashoff is hit by Rick Nash and loses puck.
4:59 of 1st period - Slapshot by Oliver Ekman-Larsson.
4:59 of 1st period - Stopped by Ray Emery without a rebound.
5:00 of 1st period - Jakub Voracek wins face-off versus Antoine Roussel in Blackhawks zone.
5:03 of 1st period - Penalty to Matt Smaby is over, Matt Smaby is back on ice.
5:27 of 1st period - Snap shot by J.T. Miller.
5:27 of 1st period - Stopped by Ray Emery with a rebound.
5:29 of 1st period - Backhand shot by Jordan Nolan.
5:29 of 1st period - Shot Misses the Net.
5:31 of 1st period - Wrist shot by Jordan Nolan.
5:31 of 1st period - Stopped by Ray Emery without a rebound.
5:32 of 1st period - Derick Brassard wins face-off versus Jordan Nolan in Blackhawks zone.
5:32 of 1st period - Derick Brassard is hit by Jonathan Ericsson.
5:41 of 1st period - Penalty to Chris Kreider is over, Chris Kreider is back on ice.
6:04 of 1st period - Wrist shot by Chris Kreider.
6:04 of 1st period - Shot Misses the Net.
6:12 of 1st period - Wrist shot by Jordan Nolan.
6:12 of 1st period - Stopped by Ray Emery without a rebound.
6:13 of 1st period - Cody Hodgson wins face-off versus Jakub Voracek in Blackhawks zone.
6:24 of 1st period - Snap shot by Jeff Carter.
6:24 of 1st period - Deflect By Drew Miller.
6:24 of 1st period - Shot Blocked by Matthew Spiller.
6:24 of 1st period - Puck is out of play.
6:25 of 1st period - Cody Hodgson wins face-off versus Jeff Carter in Blackhawks zone.
7:19 of 1st period - Wrist shot by Cody Hodgson.
7:19 of 1st period - Shot Misses the Net.
7:33 of 1st period - Wrist shot by Jordan Nolan.
7:33 of 1st period - Shot Blocked by John Carlson.
7:35 of 1st period - Slapshot by Matt Smaby.
7:35 of 1st period - Deflect By Ryan Callahan.
7:35 of 1st period - Stopped by Ray Emery with a rebound.
7:37 of 1st period - Slapshot by Matt Smaby.
7:37 of 1st period - Stopped by Ray Emery without a rebound.
7:38 of 1st period - Jeff Carter wins face-off versus Derick Brassard in Blackhawks zone.
7:41 of 1st period - Snap shot by Drew Miller.
7:41 of 1st period - Shot Blocked by Matthew Spiller.
8:54 of 1st period - Icing by John Carlson.
8:55 of 1st period - Scott Gomez wins face-off versus Jeff Carter in Blackhawks zone.
9:12 of 1st period - Wrist shot by Mike Green.
9:12 of 1st period - Deflect By Matt Smaby.
9:12 of 1st period - Stopped by Steve Mason without a rebound.
9:13 of 1st period - Derick Brassard wins face-off versus Marcus Kruger in Flyers zone.
9:26 of 1st period - Snap shot by Chris Kreider.
9:26 of 1st period - Deflect By Mats Zuccarello.
9:26 of 1st period - Shot Blocked by Matt Smaby.
9:26 of 1st period - Puck is out of play.
9:27 of 1st period - Derick Brassard wins face-off versus Jeff Carter in Flyers zone.
9:56 of 1st period - Slapshot by Mike Green.
9:56 of 1st period - Shot Misses the Net.
10:06 of 1st period - Snap shot by Jordan Nolan.
10:06 of 1st period - Stopped by Ray Emery without a rebound.
10:07 of 1st period - Marcus Kruger wins face-off versus Cody Hodgson in Blackhawks zone.
10:10 of 1st period - Wrist shot by Marcus Kruger.
10:10 of 1st period - Shot Misses the Net.
10:12 of 1st period - Slapshot by Mats Zuccarello.
10:12 of 1st period - Flyers goal is going for a video replay.
10:12 of 1st period - The goal is refused. The net was displaced accidentally..
10:13 of 1st period - Cody Hodgson wins face-off versus Marcus Kruger in Blackhawks zone.
10:21 of 1st period - Off-side.
10:22 of 1st period - Jeff Carter wins face-off versus Derick Brassard in neutral zone.
10:49 of 1st period - Chris Kreider is hit by Mats Zuccarello and loses puck.
11:21 of 1st period - Backhand shot by Tomas Kubalik.
11:21 of 1st period - Goal by Tomas Kubalik - Flyers : 1 - Blackhawks : 0.
11:22 of 1st period - Cody Hodgson wins face-off versus Jeff Carter in neutral zone.
11:33 of 1st period - Slapshot by Seth Jones.
11:33 of 1st period - Stopped by Steve Mason without a rebound.
11:34 of 1st period - Erik Christensen wins face-off versus Jeff Carter in Flyers zone.
12:33 of 1st period - Eric Brewer is hit by Marcus Kruger and loses puck.
12:44 of 1st period - Derick Brassard is hit by Tomas Kubalik and loses puck.
12:49 of 1st period - Wrist shot by Brock Nelson.
12:49 of 1st period - Shot Misses the Net.
12:57 of 1st period - Snap shot by Chris Kreider.
12:57 of 1st period - Stopped by Steve Mason without a rebound.
12:58 of 1st period - Jeff Carter wins face-off versus Nathan Horton in Flyers zone.
13:09 of 1st period - Cody Hodgson is hit by Drew Miller.
13:31 of 1st period - Wrist shot by Erik Christensen.
13:31 of 1st period - Shot Blocked by Nathan Beaulieu.
13:33 of 1st period - Snap shot by Mike Green.
13:33 of 1st period - Deflect By Tomas Fleischmann.
13:33 of 1st period - Shot Misses the Net.
13:33 of 1st period - Puck is out of play.
13:34 of 1st period - Jeff Carter wins face-off versus Tomas Fleischmann in Flyers zone.
14:04 of 1st period - Slapshot by Mike Green.
14:04 of 1st period - Stopped by Steve Mason without a rebound.
14:05 of 1st period - Derick Brassard wins face-off versus Jordan Nolan in Flyers zone.
14:25 of 1st period - Minor Penalty to Ryan Callahan for Tripping.
14:26 of 1st period - Derick Brassard wins face-off versus Jeff Carter in Flyers zone.
14:30 of 1st period - Wrist shot by Chris Kreider.
14:30 of 1st period - Shot Blocked by Jeff Carter.
14:32 of 1st period - Slapshot by Mike Green.
14:32 of 1st period - Goal by Mike Green - Flyers : 1 - Blackhawks : 1.
14:33 of 1st period - Drew Miller wins face-off versus Nathan Horton in neutral zone.
14:38 of 1st period - Wrist shot by Jeff Carter.
14:38 of 1st period - Shot Misses the Net.
14:48 of 1st period - Snap shot by Cody Hodgson.
14:48 of 1st period - Goal by Cody Hodgson - Flyers : 1 - Blackhawks : 2.
14:49 of 1st period - Erik Christensen wins face-off versus Jeff Carter in neutral zone.
14:54 of 1st period - Drew Miller is hit by Tomas Fleischmann.
15:00 of 1st period - Slapshot by Tomas Fleischmann.
15:00 of 1st period - Shot Misses the Net.
15:16 of 1st period - Matt Smaby is hit by Rick Nash and loses puck.
15:23 of 1st period - Slapshot by Derick Brassard.
15:23 of 1st period - Deflect By Rick Nash.
15:23 of 1st period - Goal by Rick Nash - Flyers : 1 - Blackhawks : 3.
15:24 of 1st period - Jeff Carter wins face-off versus Cody Hodgson in neutral zone.
15:54 of 1st period - Snap shot by J.T. Miller.
15:54 of 1st period - Stopped by Ray Emery without a rebound.
15:55 of 1st period - Jordan Nolan wins face-off versus Derick Brassard in Blackhawks zone.
16:14 of 1st period - Snap shot by Derick Brassard.
16:14 of 1st period - Stopped by Steve Mason with a rebound.
17:02 of 1st period - Slapshot by J.T. Miller.
17:02 of 1st period - Shot Blocked by Chris Kreider.
17:04 of 1st period - Wrist shot by Jordan Nolan.
17:04 of 1st period - Stopped by Ray Emery with a rebound.
17:14 of 1st period - Slapshot by Jordan Nolan.
17:14 of 1st period - Shot Misses the Net.
17:28 of 1st period - Snap shot by Ryan Callahan.
17:28 of 1st period - Stopped by Ray Emery without a rebound.
17:29 of 1st period - Cody Hodgson wins face-off versus Jeff Carter in Blackhawks zone.
17:29 of 1st period - Cody Hodgson is hit by Brian Lashoff.
18:04 of 1st period - Chris Mcallister is hit by Erik Christensen and loses puck.
18:25 of 1st period - Snap shot by Gabriel Bourque.
18:25 of 1st period - Stopped by Steve Mason without a rebound.
18:26 of 1st period - Jeff Carter wins face-off versus Cody Hodgson in Flyers zone.
18:26 of 1st period - Jeff Carter is hit by Nathan Horton.
18:59 of 1st period - Cody Hodgson is hit by Matt Smaby and loses puck.
Goals for this period are 1 for Flyers vs 3 for Blackhawks.
Shots for this period are 12 for Flyers vs 11 for Blackhawks.
2nd period
0:01 of 2nd period - Jeff Carter wins face-off versus Erik Christensen in neutral zone.
0:29 of 2nd period - Slapshot by Mike Green.
0:29 of 2nd period - Deflect By Derick Brassard.
0:29 of 2nd period - Shot Misses the Net.
0:29 of 2nd period - Puck is out of play.
0:30 of 2nd period - Marcus Kruger wins face-off versus Derick Brassard in Flyers zone.
0:53 of 2nd period - Snap shot by Marcus Kruger.
0:53 of 2nd period - Shot Blocked by Matthew Spiller.
0:59 of 2nd period - Matt Smaby is hit by Chris Kreider and loses puck.
1:30 of 2nd period - Snap shot by Chris Kreider.
1:30 of 2nd period - Stopped by Steve Mason with a rebound.
1:36 of 2nd period - Snap shot by Derick Brassard.
1:36 of 2nd period - Goal by Derick Brassard - Flyers : 1 - Blackhawks : 4.
1:36 of 2nd period - Cam Ward enters game.
1:37 of 2nd period - Jeff Carter wins face-off versus Cody Hodgson in neutral zone.
1:45 of 2nd period - Snap shot by Jakub Voracek.
1:45 of 2nd period - Stopped by Ray Emery without a rebound.
1:46 of 2nd period - Cody Hodgson wins face-off versus Jeff Carter in Blackhawks zone.
2:17 of 2nd period - Snap shot by Antoine Roussel.
2:17 of 2nd period - Shot Misses the Net.
2:19 of 2nd period - Slapshot by John Carlson.
2:19 of 2nd period - Shot Blocked by Jonathan Ericsson.
2:21 of 2nd period - Snap shot by Mike Green.
2:21 of 2nd period - Shot Blocked by Jeff Woywitka.
2:31 of 2nd period - Snap shot by John Carlson.
2:31 of 2nd period - Shot Misses the Net.
2:33 of 2nd period - Snap shot by John Carlson.
2:33 of 2nd period - Shot Misses the Net.
2:35 of 2nd period - Wrist shot by Mike Green.
2:35 of 2nd period - Stopped by Cam Ward without a rebound.
2:36 of 2nd period - Erik Christensen wins face-off versus Jordan Nolan in Flyers zone.
2:59 of 2nd period - Minor Penalty to J.T. Miller for Delaying the game.
3:00 of 2nd period - Derick Brassard wins face-off versus Jordan Nolan in Flyers zone.
3:15 of 2nd period - Wrist shot by Chris Kreider.
3:15 of 2nd period - Shot Blocked by Oliver Ekman-Larsson.
3:37 of 2nd period - Wrist shot by Antoine Roussel.
3:37 of 2nd period - Shot Misses the Net.
4:59 of 2nd period - Penalty to J.T. Miller is over, J.T. Miller is back on ice.
5:30 of 2nd period - Off-side.
5:31 of 2nd period - Brandon Yip wins face-off versus Matthew Lombardi in neutral zone.
5:33 of 2nd period - Off-side.
5:34 of 2nd period - Cody Hodgson wins face-off versus Jeff Carter in neutral zone.
6:25 of 2nd period - Brandon Yip is hit by Oliver Ekman-Larsson and loses puck.
7:32 of 2nd period - Minor Penalty to Rick Nash for Interference.
7:33 of 2nd period - Derick Brassard wins face-off versus Jeff Carter in Blackhawks zone.
8:22 of 2nd period - Erik Christensen is hit by Jeff Woywitka and loses puck.
8:54 of 2nd period - Chris Kreider is hit by Nathan Beaulieu and loses puck.
9:32 of 2nd period - Penalty to Rick Nash is over, Rick Nash is back on ice.
9:49 of 2nd period - Slapshot by Antoine Roussel.
9:49 of 2nd period - Stopped by Cam Ward with a rebound.
9:51 of 2nd period - Snap shot by Kevin Marshall.
9:51 of 2nd period - Stopped by Cam Ward with a rebound.
10:13 of 2nd period - Backhand shot by Mats Zuccarello.
10:13 of 2nd period - Shot Misses the Net.
10:45 of 2nd period - Mats Zuccarello is hit by Rick Nash and loses puck.
11:03 of 2nd period - Jakub Voracek is hit by Mike Green and loses puck.
11:16 of 2nd period - Antoine Roussel is hit by Jonathan Ericsson and loses puck.
11:59 of 2nd period - Snap shot by Marcus Kruger.
11:59 of 2nd period - Shot Misses the Net.
12:38 of 2nd period - Tomas Kubalik is hit by Antoine Roussel and loses puck.
13:44 of 2nd period - Matthew Lombardi is hit by Brandon Yip and loses puck.
13:53 of 2nd period - Wrist shot by Matthew Lombardi.
13:53 of 2nd period - Deflect By Tomas Kubalik.
13:53 of 2nd period - Stopped by Ray Emery with a rebound.
14:05 of 2nd period - Slapshot by Marcus Kruger.
14:05 of 2nd period - Stopped by Ray Emery without a rebound.
14:06 of 2nd period - Marcus Kruger wins face-off versus Scott Gomez in Blackhawks zone.
14:11 of 2nd period - Slapshot by Marcus Kruger.
14:11 of 2nd period - Deflect By Mats Zuccarello.
14:11 of 2nd period - Shot Blocked by Gabriel Bourque.
14:11 of 2nd period - Puck is out of play.
14:12 of 2nd period - Scott Gomez wins face-off versus Marcus Kruger in Blackhawks zone.
14:12 of 2nd period - Scott Gomez is hit by Matt Smaby.
14:30 of 2nd period - Snap shot by Scott Gomez.
14:30 of 2nd period - Stopped by Cam Ward with a rebound.
14:32 of 2nd period - Slapshot by Eric Brewer.
14:32 of 2nd period - Shot Misses the Net.
14:46 of 2nd period - Snap shot by Scott Gomez.
14:46 of 2nd period - Shot Misses the Net.
14:48 of 2nd period - Slapshot by Matthew Spiller.
14:48 of 2nd period - Shot Blocked by Oliver Ekman-Larsson.
14:50 of 2nd period - Slapshot by Eric Brewer.
14:50 of 2nd period - Stopped by Cam Ward with a rebound.
15:10 of 2nd period - Wrist shot by Chris Mcallister.
15:10 of 2nd period - Shot Misses the Net.
15:43 of 2nd period - Snap shot by Scott Gomez.
15:43 of 2nd period - Shot Misses the Net.
15:45 of 2nd period - Slapshot by Eric Brewer.
15:45 of 2nd period - Stopped by Cam Ward without a rebound.
15:46 of 2nd period - Jeff Carter wins face-off versus Derick Brassard in Flyers zone.
15:46 of 2nd period - Jeff Carter is hit by Chris Kreider.
16:16 of 2nd period - Wrist shot by J.T. Miller.
16:16 of 2nd period - Stopped by Ray Emery without a rebound.
16:17 of 2nd period - J.T. Miller wins face-off versus Cody Hodgson in Blackhawks zone.
16:29 of 2nd period - Minor Penalty to Ryan Callahan for Hooking.
16:30 of 2nd period - Derick Brassard wins face-off versus Jeff Carter in Flyers zone.
16:43 of 2nd period - Icing by Rick Nash.
16:44 of 2nd period - Jeff Carter wins face-off versus Derick Brassard in Blackhawks zone.
16:55 of 2nd period - Slapshot by John Carlson.
16:55 of 2nd period - Stopped by Cam Ward without a rebound.
16:56 of 2nd period - Jeff Carter wins face-off versus Derick Brassard in Flyers zone.
17:05 of 2nd period - Wrist shot by Jeff Carter.
17:05 of 2nd period - Shot Misses the Net.
18:29 of 2nd period - Penalty to Ryan Callahan is over, Ryan Callahan is back on ice.
18:46 of 2nd period - Nathan Beaulieu is hit by David Jones and loses puck.
19:05 of 2nd period - Mike Green is hit by Brock Nelson and loses puck.
19:12 of 2nd period - Wrist shot by Brock Nelson.
19:12 of 2nd period - Stopped by Ray Emery with a rebound.
19:14 of 2nd period - Snap shot by Jonathan Ericsson.
19:14 of 2nd period - Shot Blocked by David Jones.
19:24 of 2nd period - Gabriel Bourque is hit by Ryan Callahan and loses puck.
19:29 of 2nd period - Snap shot by J.T. Miller.
19:29 of 2nd period - Stopped by Ray Emery without a rebound.
19:30 of 2nd period - Ryan Callahan wins face-off versus Derick Brassard in Blackhawks zone.
19:31 of 2nd period - Snap shot by Jordan Nolan.
19:31 of 2nd period - Shot Misses the Net.
19:35 of 2nd period - Snap shot by Ryan Callahan.
19:35 of 2nd period - Shot Misses the Net.
19:37 of 2nd period - Wrist shot by J.T. Miller.
19:37 of 2nd period - Stopped by Ray Emery without a rebound.
19:38 of 2nd period - Derick Brassard wins face-off versus Jeff Carter in Blackhawks zone.
19:38 of 2nd period - Derick Brassard is hit by Jeff Carter.
Goals for this period are 0 for Flyers vs 1 for Blackhawks.
Shots for this period are 7 for Flyers vs 9 for Blackhawks.
3rd period
0:01 of 3rd period - Jeff Carter wins face-off versus Derick Brassard in neutral zone.
0:04 of 3rd period - Slapshot by Matt Smaby.
0:04 of 3rd period - Stopped by Ray Emery without a rebound.
0:05 of 3rd period - Jeff Carter wins face-off versus Derick Brassard in Blackhawks zone.
0:20 of 3rd period - Snap shot by Derick Brassard.
0:20 of 3rd period - Stopped by Cam Ward with a rebound.
1:21 of 3rd period - Slapshot by Nathan Beaulieu.
1:21 of 3rd period - Deflect By Scott Gomez.
1:21 of 3rd period - Stopped by Ray Emery with a rebound.
3:12 of 3rd period - Derick Brassard is hit by Jordan Nolan and loses puck.
3:32 of 3rd period - Wrist shot by Jordan Nolan.
3:32 of 3rd period - Deflect By Tomas Fleischmann.
3:32 of 3rd period - Shot Misses the Net.
3:32 of 3rd period - Puck is out of play.
3:33 of 3rd period - Cody Hodgson wins face-off versus Jeff Carter in Blackhawks zone.
3:38 of 3rd period - Slapshot by Kevin Marshall.
3:38 of 3rd period - Shot Misses the Net.
4:02 of 3rd period - Kevin Marshall is hit by Mats Zuccarello.
6:01 of 3rd period - Slapshot by Jordan Nolan.
6:01 of 3rd period - Stopped by Ray Emery with a rebound.
6:03 of 3rd period - Snap shot by Jakub Voracek.
6:03 of 3rd period - Shot Misses the Net.
6:05 of 3rd period - Slapshot by Jordan Nolan.
6:05 of 3rd period - Stopped by Ray Emery with a rebound.
7:02 of 3rd period - Tomas Kubalik is hit by Brandon Yip.
7:08 of 3rd period - Slapshot by John Carlson.
7:08 of 3rd period - Stopped by Cam Ward without a rebound.
7:09 of 3rd period - Derick Brassard wins face-off versus Jeff Carter in Flyers zone.
7:17 of 3rd period - Minor Penalty to Brian Lashoff for Slashing.
7:18 of 3rd period - Derick Brassard wins face-off versus Jeff Carter in Flyers zone.
7:22 of 3rd period - Slapshot by John Carlson.
7:22 of 3rd period - Deflect By Matt Smaby.
7:22 of 3rd period - Stopped by Cam Ward without a rebound.
7:23 of 3rd period - Derick Brassard wins face-off versus Jeff Carter in Flyers zone.
7:37 of 3rd period - Wrist shot by Derick Brassard.
7:37 of 3rd period - Shot Blocked by Oliver Ekman-Larsson.
9:17 of 3rd period - Penalty to Brian Lashoff is over, Brian Lashoff is back on ice.
10:43 of 3rd period - Icing by Jeff Woywitka.
10:44 of 3rd period - Matthew Lombardi wins face-off versus Derick Brassard in Flyers zone.
10:44 of 3rd period - Minor Penalty to Jeff Carter for Cross-checking.
10:45 of 3rd period - Derick Brassard wins face-off versus Matthew Lombardi in Flyers zone.
10:55 of 3rd period - Off-side.
10:56 of 3rd period - Derick Brassard wins face-off versus Matthew Lombardi in neutral zone.
12:44 of 3rd period - Penalty to Jeff Carter is over, Jeff Carter is back on ice.
13:01 of 3rd period - Slapshot by Drew Miller.
13:01 of 3rd period - Shot Misses the Net.
13:07 of 3rd period - Slapshot by Jeff Carter.
13:07 of 3rd period - Stopped by Ray Emery without a rebound.
13:08 of 3rd period - Jeff Carter wins face-off versus Scott Gomez in Blackhawks zone.
13:23 of 3rd period - Wrist shot by Scott Gomez.
13:23 of 3rd period - Shot Blocked by Matt Smaby.
13:30 of 3rd period - Icing by Oliver Ekman-Larsson.
13:31 of 3rd period - Jeff Carter wins face-off versus Erik Christensen in Flyers zone.
13:36 of 3rd period - Slapshot by Oliver Ekman-Larsson.
13:36 of 3rd period - Stopped by Ray Emery with a rebound.
13:52 of 3rd period - Erik Christensen is hit by Matt Smaby and loses puck.
14:05 of 3rd period - Oliver Ekman-Larsson is hit by Erik Christensen and loses puck.
14:10 of 3rd period - Slapshot by John Carlson.
14:10 of 3rd period - Deflect By Matt Smaby.
14:10 of 3rd period - Stopped by Cam Ward without a rebound.
14:11 of 3rd period - Jeff Carter wins face-off versus Derick Brassard in Flyers zone.
14:45 of 3rd period - Icing by Jeff Carter.
14:46 of 3rd period - Jeff Carter wins face-off versus Scott Gomez in Flyers zone.
15:02 of 3rd period - Snap shot by Drew Miller.
15:02 of 3rd period - Deflect By Jakub Voracek.
15:02 of 3rd period - Shot Misses the Net.
15:02 of 3rd period - Puck is out of play.
15:03 of 3rd period - Derick Brassard wins face-off versus Jordan Nolan in Blackhawks zone.
15:03 of 3rd period - Derick Brassard is hit by Oliver Ekman-Larsson.
15:13 of 3rd period - Snap shot by Jordan Nolan.
15:13 of 3rd period - Stopped by Ray Emery with a rebound.
15:15 of 3rd period - Slapshot by Matt Smaby.
15:15 of 3rd period - Shot Blocked by John Carlson.
15:17 of 3rd period - Snap shot by J.T. Miller.
15:17 of 3rd period - Goal by J.T. Miller - Flyers : 2 - Blackhawks : 4.
15:18 of 3rd period - Erik Christensen wins face-off versus Jeff Carter in neutral zone.
15:23 of 3rd period - Backhand shot by Tomas Fleischmann.
15:23 of 3rd period - Shot Misses the Net.
16:55 of 3rd period - Wrist shot by Drew Miller.
16:55 of 3rd period - Deflect By Jakub Voracek.
16:55 of 3rd period - Shot Blocked by Kevin Marshall.
16:55 of 3rd period - Puck is out of play.
16:56 of 3rd period - Erik Christensen wins face-off versus Jeff Carter in Blackhawks zone.
16:56 of 3rd period - Erik Christensen is hit by Drew Miller.
17:25 of 3rd period - Brian Lashoff is hit by Seth Jones and loses puck.
17:34 of 3rd period - Brandon Yip is hit by Jeff Carter and loses puck.
17:45 of 3rd period - Jeff Carter is hit by Kevin Marshall and loses puck.
17:55 of 3rd period - Icing by Jonathan Ericsson.
17:56 of 3rd period - Derick Brassard wins face-off versus Jeff Carter in Flyers zone.
17:57 of 3rd period - Wrist shot by Chris Kreider.
17:57 of 3rd period - Stopped by Cam Ward without a rebound.
17:58 of 3rd period - Derick Brassard wins face-off versus Marcus Kruger in Flyers zone.
18:24 of 3rd period - Mike Green is hit by Ryan Callahan and loses puck.
18:37 of 3rd period - Oliver Ekman-Larsson is hit by Antoine Roussel and loses puck.
18:59 of 3rd period - Snap shot by Jordan Nolan.
18:59 of 3rd period - Stopped by Ray Emery with a rebound.
19:11 of 3rd period - Wrist shot by Jordan Nolan.
19:11 of 3rd period - Deflect By Ryan Callahan.
19:11 of 3rd period - Stopped by Ray Emery without a rebound.
19:12 of 3rd period - Marcus Kruger wins face-off versus Erik Christensen in Blackhawks zone.
19:44 of 3rd period - John Carlson is hit by Brian Lashoff and loses puck.
19:49 of 3rd period - Snap shot by Jakub Voracek.
19:49 of 3rd period - Deflect By Matthew Lombardi.
19:49 of 3rd period - Shot Blocked by Mike Green.
19:49 of 3rd period - Puck is out of play.
19:50 of 3rd period - Tomas Fleischmann wins face-off versus Jakub Voracek in Blackhawks zone.
19:55 of 3rd period - Snap shot by Tomas Fleischmann.
19:55 of 3rd period - Stopped by Cam Ward with a rebound.
19:57 of 3rd period - Snap shot by Tomas Fleischmann.
19:57 of 3rd period - Shot Misses the Net.
19:59 of 3rd period - Slapshot by Eric Brewer.
19:59 of 3rd period - Stopped by Cam Ward without a rebound.
Goals for this period are 1 for Flyers vs 0 for Blackhawks.
Shots for this period are 10 for Flyers vs 7 for Blackhawks.
Back to the Top